 Dungeon Crawl Stone Soup version 0.31.0-11-ge490571c62 (webtiles) character file.

Game seed: 6093595170783214620

63 inmateoo the Sneak (level 4, -4/35 HPs)
             Began as a Human Delver on Jan 28, 2024.
             Slain by a ribbon worm (8 damage)
             ... on level 3 of the Dungeon.
             The game lasted 00:02:57 (1966 turns).

inmateoo the Sneak (Human Delver)                   Turns: 1966, Time: 00:02:57

Health: -4/35      AC:  3    Str: 14    XL:     4   Next: 10%
Magic:  4/4        EV: 12    Int: 11    God:
Gold:   102        SH:  0    Dex: 14    Spells: 3/3 levels left

rFire   + . .        a - +0 spear
rCold   . . .        (no shield)
rNeg    . . .        b - +0 leather armour
rPois   .            (no helmet)
rElec   .            (no cloak)
rCorr   .            (no gloves)
SInv    .            (no boots)
Will    +....        (no amulet)
Stlth   +++          h - ring of protection from fire
HPRegen 0.25/turn    o - ring of willpower
MPRegen 0.09/turn

%: no passive effects
@: no status effects
A: explore regen
a: no special abilities


You were on level 3 of the Dungeon.
You visited 1 branch of the dungeon, and saw 5 of its levels.

You collected 102 gold pieces.

Inventory:

Hand Weapons
 a - a +0 spear (weapon)
 i - a +0 broad axe
Missiles
 l - 13 poisoned darts (quivered)
Armour
 b - a +0 leather armour (worn)
Jewellery
 h - a ring of protection from fire (left hand)
 o - a ring of willpower (right hand)
Wands
 g - a wand of digging (3)
Scrolls
 c - 4 scrolls of fog
 d - a scroll of revelation
 e - a scroll of fear
 p - 2 scrolls of silence
Potions
 f - a potion of haste
 r - a potion of curing
 s - a potion of mutation


   Skills:
 - Level 3.0 Fighting
 + Level 4.2 Polearms
 - Level 2.0 Dodging
 - Level 5.0 Stealth


You had 3 spell levels left.
You didn't know any spells.
Your spell library contained the following spells:

 Spells                   Type           Power      Damage    Failure   Level
 Animate Dead             Necr           0%         N/A       99%         4
 Haunt                    Necr/Summ      0%         N/A       100%        7
 Infestation              Necr           0%         N/A       100%        8


Dungeon Overview and Level Annotations

Branches:
Dungeon (5/15)
 Temple: D:4-7

Altars:
Vehumet

Annotations:
D:4 Ijyb, Pikel


Innate Abilities, Weirdness & Mutations

You regain HP and MP as you explore.


Message History

The ribbon worm closely misses you.
You hit the ribbon worm.
The ribbon worm is heavily wounded.
The ribbon worm expels a string of sticky webbing.
The stream of webbing hits you but does no damage.
You are caught in a web!
You struggle to detach yourself from the web.
You are caught in a web!
The web tears apart.
The ribbon worm bites you!
You barely miss the ribbon worm.
The ribbon worm is heavily wounded.
The ribbon worm bites you but does no damage.
You hit the ribbon worm but do no damage.
The ribbon worm is moderately wounded.
The ribbon worm bites you.
You are too injured to fight recklessly!
You hit the ribbon worm but do no damage.
The ribbon worm is moderately wounded.
You hit the ribbon worm.
The ribbon worm is severely wounded.
The ribbon worm bites you.
You hit the ribbon worm.
The ribbon worm is severely wounded.
The ribbon worm bites you.
* * * LOW HITPOINT WARNING * * *
You hit the ribbon worm.
The ribbon worm is almost dead.
You are too injured to fight recklessly!
You barely miss the ribbon worm.
The ribbon worm is almost dead.
The ribbon worm expels a string of sticky webbing.
The stream of webbing hits you but does no damage.
You are caught in a web!
You are too injured to fight recklessly!
The web tears apart.
The ribbon worm bites you!
* * * LOW HITPOINT WARNING * * *
You barely miss the ribbon worm.
The ribbon worm is severely wounded.
The ribbon worm bites you!
You die...

...#.....#.....#
...#####.#.....# ..## .....#
#.#.....# ...#
...#.###.#.....# ...#
...#.....#.....# ...
.#.#######.....# g.
##.............# .#
##########.....########.#.#.##
................@wZ...........
(#########.###########......##
...........# #......#
#..######### #.~~~~P.. #..#
..~~~~P.# #.Z# ..~~~.~## #..#
#...~~.# #..# #..Z...# #..###


You could see a ribbon worm and an adder zombie.

Vanquished Creatures
  2 adders
  2 dart slugs (D:2)
  3 ball pythons
  3 bats
  8 endoplasms
  4 goblins
  4 hobgoblins
  2 jackals (D:2)
  A quokka (D:1)
  A frilled lizard (D:1)
  A kobold (D:3)
  A quokka skeleton (D:3)
  3 rats
35 creatures vanquished.

Notes
Turn   | Place    | Note
-------+----------+-------------------------------------------
     0 | D:5      | inmateoo the Human Delver began the quest for the Orb.
     0 | D:5      | Reached XP level 1. HP: 18/18 MP: 1/1
    25 | D:5      | Noticed a bombardier beetle
    38 | D:4      | Noticed Ijyb
    50 | D:4      | Noticed a lemure
    51 | D:4      | Noticed a lemure
    51 | D:4      | Noticed a lemure
    51 | D:4      | Noticed a lemure
    51 | D:4      | Noticed Pikel
   143 | D:3      | Noticed a hound
   413 | D:2      | Reached XP level 2. HP: 24/24 MP: 2/2
   674 | D:1      | Reached XP level 3. HP: 14/29 MP: 3/3
  1224 | D:1      | Found a faded altar of an unknown god.
  1291 | D:2      | Found a radiant altar of Vehumet.
  1875 | D:3      | Reached XP level 4. HP: 34/35 MP: 4/4
  1966 | D:3      | Slain by a ribbon worm

Illustrated notes

Levels and vault maps discovered:
D:1:      evilmike_arrival_hilbert_curve, layout_basic,
          shapermc_ecumenical_altar_hornbeckon
D:2:      layout_loops_cross, basic_altar
D:3:      layout_basic, serial_undead, serial_undead_f, serial_undead_d,
          serial_undead_d, serial_undead_d, corexii_hall_statues_x,
          corexii_leaking_fountain, roderic_batcave
D:4:      layout_layer_cave, uniq_blork_the_orc, uniq_pikel, uniq_edmund,
          uniq_ijyb
D:5:      minmay_goblin_kobold_castle, layout_cave_pods, old_standard_altar,
          serial_shops, shop, uniq_grinder

Skill      XL: |  1  2  3 |
---------------+----------+-----
Polearms       | 3 4 |  4.2
Fighting       | |  3.0
Dodging        | |  2.0
Stealth        | |  5.0

Action                     |  1- 3 |  4- 6 || total
---------------------------+-------+-------++-------
  Melee: Spear             |   127 |    24 ||   151
         Punch             |     1 |       ||     1
    Use: Scroll            |     7 |       ||     7
   Stab: Sleeping          |    10 |       ||    10
 Armour: Leather armour    |    52 |    13 ||    65
  Dodge: Dodged            |    51 |     5 ||    56
